 Dungeon Crawl Stone Soup version 0.26.0-41-g79a4fc7684 (webtiles) character file.

Game seed: 9020308507966559462

224 kreisler the Covert (level 6, 0/40 HPs)
             Began as an Octopode Brigand on Jan 26, 2021.
             Slain by a quokka (3 damage)
             ... on level 3 of the Dungeon.
             The game lasted 00:09:40 (2831 turns).

kreisler the Covert (Octopode Brigand)              Turns: 2831, Time: 00:09:41

Health: 0/40       AC: -1    Str: 10    XL:     6   Next: 0%
Magic:  6/6        EV: 13    Int: 13    God:
Gold:   86         SH:  0    Dex: 14    Spells: 5/5 levels left

rFire    . . .     SeeInvis .   a - +2 dagger
rCold    . . .     Faith    .   (no shield)
rNeg     . . .     Spirit   .   (helmet restricted)
rPois    .         Reflect  .   (no amulet)
rElec    .         Harm     .   i - -4 ring of protection
rCorr    .         Rampage  .   (no ring)
Will     .....                  (no ring)
Stlth    +++++.....             (no ring)
HPRegen  0.13/turn              (no ring)
MPRegen  0.10/turn              (no ring)
                                (no ring)
                                (no ring)

@: no status effects
A: almost no armour, stealthy swim, amphibious, 8 rings, constrict 8, yellow
scales 1, camouflage 1, clumsy 1, gelatinous body 1, evolution 1, subdued magic
1
a: no special abilities


You were on level 3 of the Dungeon.
You visited 1 branch of the dungeon, and saw 3 of its levels.

You collected 86 gold pieces.

Inventory:

Hand Weapons
 a - a +2 dagger (weapon)
Missiles
 b - 41 poisoned darts (quivered)
 c - 2 curare-tipped darts
Jewellery
 i - a -4 ring of protection (left tentacle)
Scrolls
 f - a scroll of fog
 g - 4 scrolls of identify
 k - 2 scrolls of amnesia
Potions
 d - 2 potions of mutation
 e - a potion of ambrosia
 l - a potion of resistance {unknown}
 n - a potion of curing {unknown}
 o - a potion of lignification {unknown}


   Skills:
 + Level 2.3 Fighting
 + Level 2.9 Short Blades
 + Level 2.3 Throwing
 + Level 1.9 Dodging
 + Level 8.4 Stealth


You had 5 spell levels left.
You didn't know any spells.
Your spell library was empty.

Dungeon Overview and Level Annotations

Branches:
Dungeon (3/15)

Altars:
Nemelex Xobeh


Innate Abilities, Weirdness & Mutations

You cannot wear most types of armour.
You are very stealthy in the water. (Stealth+)
You are amphibious.
You can wear up to eight rings at the same time.
You can use your tentacles to constrict eight enemies at once.
Your skin changes colour to match your surroundings (Stealth+).
Your rubbery body absorbs attacks. (AC +1, EV +1)
You are partially covered in yellow scales. (AC +2)
You are clumsy. (Dex -2)
You evolve.
Your spells are a little easier to cast, but a little less powerful.


Message History

* * * LOW HITPOINT WARNING * * *
The rat closely misses you. The orc wizard barely misses you.
The quokka barely misses you. The quokka bites you.
* * * LOW HITPOINT WARNING * * *
Your surroundings seem slightly different.
The orc wizard casts a spell at itself.
The orc wizard flickers and vanishes!
Deactivating autopickup; reactivate with Ctrl-A.
Autopickup is now on.
The orc throws a boomerang.
The boomerang hits you but does no damage.
The weapon returns to the orc!
As you read the scroll labelled KUMAIGIZXUE, it crumbles to dust.
You feel as if something is helping you.
It was a scroll of remove curse.
You hit the quokka. Your grab misses the quokka.
The quokka is moderately wounded.
The quokka bites you.
You die...

......######
###.#..#...# ....
.#.#.###>..##
#()#.......# .#.#
.....##.....#
###........#.....
............#
#####.#.....#.#
#######....(#
###.(.)..........
##...##
#(.#..o.....#.#.#
##.## #.#o)#....# ...
#.##########o#r..#..#
###
#.....##@#.r{.#.....#
#
#########r###.......#
# ### ....#...#
#.#.....## .# .#...#
## #....# ....# ..#.#


You could see a quokka.

Vanquished Creatures
  An orc priest (D:3)
  Jessica (D:2)
  A worker ant (D:2)
  A gnoll (D:3)
  4 adders
  2 oozes (D:2)
  A worm (D:2)
  4 dart slugs
  4 leopard geckos
  6 orcs
  7 bats
  5 giant cockroaches
  5 hobgoblins
  2 jackals (D:1)
  2 quokkas
  2 ball pythons
  3 frilled lizards
  9 goblins
  6 kobolds
  6 rats
72 creatures vanquished.

Notes
Turn   | Place    | Note
-------+----------+-------------------------------------------
     0 | D:1      | kreisler the Octopode Brigand began the quest for the Orb.
     0 | D:1      | Reached XP level 1. HP: 14/14 MP: 1/1
   158 | D:1      | Reached XP level 2. HP: 19/19 MP: 2/2
   201 | D:1      | Reached skill level 6 in Stealth
   582 | D:1      | Reached XP level 3. HP: 24/24 MP: 3/3
   911 | D:1      | Gained mutation: Your spells are a little easier to cast,
                  | but a little less powerful. [potion of mutation]
   911 | D:1      | Gained mutation: You are clumsy. (Dex -2) [potion of
                  | mutation]
   911 | D:1      | Gained mutation: You evolve. [potion of mutation]
  1160 | D:2      | Noticed Jessica
  1171 | D:2      | Killed Jessica
  1172 | D:2      | Reached skill level 7 in Stealth
  1172 | D:2      | Reached XP level 4. HP: 26/29 MP: 4/4
  1430 | D:2      | Reached XP level 5. HP: 34/34 MP: 5/5
  1796 | D:2      | Gained mutation: You are partially covered in yellow
                  | scales. (AC +2) [evolution]
  1850 | D:2      | Found a sparkling altar of Nemelex Xobeh.
  2077 | D:3      | Reached skill level 8 in Stealth
  2821 | D:3      | Reached XP level 6. HP: 12/40 MP: 6/6
  2823 | D:3      | HP: 2/40 [quokka (5)]
  2831 | D:3      | Slain by a quokka

Illustrated notes

Levels and vault maps discovered:
D:1:      saegor_arrival_simple_e, layout_basic
D:2:      layout_loops_ring, grunt_ministairs_3, minmay_statues_item,
          nemelex_dance_club_becter, uniq_jessica
D:3:      layout_loops_ring, serial_glass, glass_columns_b, glass_columns_c,
          glass_columns_c, glass_columns_b, glass_columns_a, glass_columns_b,
          glass_columns_c, glass_columns_a, glass_columns_a, glass_columns_a,
          glass_columns_b, glass_columns_a, glass_columns_b, glass_columns_b,
          minmay_increasing_density

Skill      XL: |  1  2  3  4  5 |
---------------+----------------+-----
Stealth        | 6 7 8 |  8.4
Fighting       | |  2.3
Short Blades   | |  2.9
Throwing       | |  2.3
Dodging        | |  1.9

Action                   |  1- 3 |  4- 6 || total
-------------------------+-------+-------++-------
Melee: Dagger            |    64 |    68 ||   132
       Constrict         |    15 |    19 ||    34
       Tentacles         |    10 |    10 ||    20
Throw: Dart              |     4 |     9 ||    13
  Use: Scroll            |     3 |     3 ||     6
       Potion            |     1 |     2 ||     3
 Stab: Sleeping          |    15 |    13 ||    28
Armor: Skin              |     9 |       ||     9
Dodge: Dodged            |    21 |    29 ||    50
